 Dungeon Crawl Stone Soup version 0.22.1-57-g7394efd (webtiles) character file.

243221 Ijustatesigmund the Executioner (level 19, 183/183 HPs)
             Began as a Hill Orc Abyssal Knight on Aug 23, 2018.
             Was the Champion of Lugonu.
             Quit the game on level 3 of the Elven Halls on Mar 14, 2019.
             The game lasted 02:14:09 (36473 turns).

Ijustatesigmund the Executioner (HOAK)             Turns: 36473, Time: 02:14:10

Health: 183/183    AC: 42    Str: 21    XL:     19   Next: 86%
Magic:  31/31      EV: 11    Int: 14    God:    Lugonu [******]
Gold:   2362       SH: 11    Dex: 16    Spells: 18/18 levels left

rFire    . . .     SeeInvis +   n - +8 broad axe (protect)
rCold    + . .     Gourm    .   L - +1 buckler {rC+}
rNeg     . . .     Faith    .   b - +0 crystal plate armour of Tenacity {MR+ Regen+ Str+2}
rPois    .         Spirit   .   Y - +2 helmet
rElec    +         Reflect  +   P - +2 cloak of Cloud Cover {rElec MR+ Str+2}
rCorr    .         Harm     .   x - +2 pair of gloves
MR       ++++.                  O - +2 pair of boots {Stlth+}
Stlth    ..........             G - +4 amulet of reflection
HPRegen  0.80/turn              D - +3 ring of slaying
MPRegen  0.22/turn              m - +2 ring of slaying

@: studying Ice Magic
A: repulsion field 1, molten scales 1, see invisible, clever 1, magic resistance
1
}: 1/15 runes: gossamer
a: Depart the Abyss, Bend Space, Banish, Corrupt, Enter the Abyss, Brand Weapon
With Distortion, Renounce Religion


You were on level 3 of the Elven Halls.
You worshipped Lugonu.
Lugonu was exalted by your worship.
You were not hungry.

You visited 7 branches of the dungeon, and saw 32 of its levels.
You visited the Abyss 2 times.
You also visited: Labyrinth, Ossuary, Bailey and Ice Cave.

You collected 4031 gold pieces.
You spent 1669 gold pieces at shops.

Inventory:

Hand Weapons
 n - a +8 broad axe of protection (weapon)
 W - a +1 broad axe of flaming
Missiles
 H - 2 throwing nets (quivered)
 S - 15 javelins
Armour
 b - the +0 crystal plate armour of Tenacity (worn) {MR+ Regen+ Str+2}
   (You acquired it on level 15 of the Dungeon)

   It affects your strength (+2).
   It affects your resistance to hostile enchantments.
   It increases your rate of regeneration.
 x - a +2 pair of gloves (worn)
 L - a +1 buckler of cold resistance (worn)
 O - a +2 pair of boots of stealth (worn)
 P - the +2 cloak of Cloud Cover (worn) {rElec MR+ Str+2}
   (You bought it in a shop on level 13 of the Dungeon)

   It affects your strength (+2).
   It insulates you from electricity.
   It affects your resistance to hostile enchantments.
 X - +0 fire dragon scales
 Y - a +2 helmet (worn)
Jewellery
 m - a +2 ring of slaying (right hand)
 r - an uncursed ring of ice
 u - the ring "Uduecri" {Int+9 SInv}
   (You found it on level 1 of the Lair of Beasts)

   [ring of see invisible]

   It affects your intelligence (+9).
   It lets you see invisible.
 C - an uncursed ring of poison resistance
 D - a +3 ring of slaying (left hand)
 E - an uncursed amulet of regeneration
 G - a +4 amulet of reflection (around neck)
Wands
 f - a wand of disintegration (40)
 j - a wand of clouds (8)
 F - a wand of digging (6)
 M - a wand of iceblast (52)
 R - a wand of acid (16)
 T - a wand of scattershot (5)
Scrolls
 h - 4 scrolls of immolation
 p - 3 scrolls of fear
 q - 3 scrolls of magic mapping
 s - 17 scrolls of remove curse
 w - 3 scrolls of fog
 A - 7 scrolls of amnesia
 B - 6 scrolls of identify
 I - 2 scrolls of teleportation
 K - 8 scrolls of enchant armour
 N - 2 scrolls of brand weapon
 Z - 3 scrolls of blinking
Potions
 a - 6 potions of ambrosia
 d - a potion of magic
 e - 9 potions of lignification
 g - a potion of curing
 i - 5 potions of brilliance
 k - 4 potions of cancellation
 o - 2 potions of mutation
 t - 2 potions of resistance
 v - 6 potions of might
 z - 15 potions of flight
 J - a potion of haste
 Q - a potion of berserk rage
 U - 2 potions of agility
Books
 l - a manual of Ice Magic
 V - a manual of Ice Magic
Comestibles
 c - 39 rations


   Skills:
 + Level 19.5 Fighting
 + Level 22.0 Axes
 + Level 17.4 Armour
 - Level 9.0 Dodging
 - Level 8.5 Shields
 - Level 17.4 Invocations


You had 18 spell levels left.
You didn't know any spells.
Your spell library contained the following spells:

 Spells                   Type           Power        Failure   Level  Hunger
 Animate Skeleton         Necr           N/A          100%        1    ##.....
 Flame Tongue             Conj/Fire      #....        100%        1    ##.....
 Pain                     Necr           #...         100%        1    ##.....
 Shock                    Conj/Air       #...         100%        1    ##.....
 Sting                    Conj/Pois      #...         100%        1    ##.....
 Summon Small Mammal      Summ           #...         100%        1    ##.....
 Call Imp                 Summ           #.......     100%        2    ###....
 Passwall                 Tmut/Erth      #.......     100%        2    ###....
 Poisonous Vapours        Pois/Air       #.....       100%        2    ###....
 Shroud of Golubria       Chrm/Tloc      #.........   100%        2    ###....
 Swiftness                Chrm/Air       #.......     100%        2    ###....
 Throw Flame              Conj/Fire      #.....       100%        2    ###....
 Call Canine Familiar     Summ           #.......     100%        3    ####...
 Conjure Flame            Conj/Fire      #.......     100%        3    ####...
 Inner Flame              Hex/Fire       #.......     100%        3    ####...
 Mephitic Cloud           Conj/Pois/Air  #.......     100%        3    ####...
 Regeneration             Chrm/Necr      #.........   100%        3    ####...
 Spider Form              Tmut/Pois      #.........   100%        3    ####...
 Static Discharge         Conj/Air       #.......     100%        3    ####...
 Summon Guardian Golem    Hex/Summ       #.......     100%        3    ####...
 Vampiric Draining        Necr           #.........   100%        3    ####...
 Airstrike                Air            #.........   100%        4    #####..
 Animate Dead             Necr           N/A          100%        4    #####..
 Olgreb's Toxic Radiance  Pois           #.......     100%        4    #####..
 Passage of Golubria      Tloc           N/A          100%        4    #####..
 Sticky Flame             Conj/Fire      #.......     100%        4    #####..
 Summon Ice Beast         Ice/Summ       #.......     100%        4    #####..
 Summon Lightning Spire   Summ/Air       #.......     100%        4    #####..
 Bolt of Draining         Conj/Necr      #.........   100%        5    ######.
 Fireball                 Conj/Fire      #.........   100%        5    ######.
 Iskenderun's Battlesphe  Conj/Chrm      #.......     100%        5    ######.
 Lee's Rapid Deconstruct  Erth           #.........   100%        5    ######.
 Lightning Bolt           Conj/Air       #.........   100%        5    ######.
 Venom Bolt               Conj/Pois      #.........   100%        5    ######.
 Darkness                 Hex            #.........   100%        6    #######
 Invisibility             Hex            #.......     100%        6    #######
 Haunt                    Necr/Summ      #.........   100%        7    #######
 Malign Gateway           Summ/Tloc      #.........   100%        7    #######
 Borgnjor's Revivificati  Necr           #.........   100%        8    #######
 Death's Door             Chrm/Necr      #.........   100%        8    #######
 Infestation              Necr           #.........   100%        8    #######
 Necromutation            Tmut/Necr      #.........   100%        8    #######


Dungeon Overview and Level Annotations

Branches:
Dungeon (15/15)            Temple (1/1) D:6            Lair (6/6) D:10
 Shoals (1/4) Lair:3       Spider (4/4) Lair:3        Slime (0/5) Lair:5
    Orc (2/2) D:9             Elf (3/3) Orc:2        Vaults (0/5) D:14
 Depths (0/5) D:15

Altars:
Cheibriados
Elyvilon
Gozag
Kikubaaqudgha
Nemelex Xobeh
Trog
Uskayaw
Vehumet
Xom
Yredelemnul

Shops:
D:5 }   D:8 **   D:13 ([?%   D:14 (   D:15 **   Orc:1 [   Orc:2 (:[*   Elf:2 *

Annotations:
D:5 2 transporters, Monsterracer's ghost, amateur DEMo
D:14 2 transporters, Lutooj's ghost, journeyman MiFi
Lair:5 exclusion: oklob plant
Spider:4 corrupted
Abyss:1 Nessos; Saint Roka; Sonja


Innate Abilities, Weirdness & Mutations

You are surrounded by a mild repulsion field. (EV +2)
You are partially covered in molten scales. (AC +2)
You have supernaturally acute eyesight. (SInv)
Your mind is acute. (Int +2)
You are resistant to hostile enchantments. (MR+)


Message History

a long sword; an elf skeleton
There is a fountain of sparkling water here.
Done exploring.
Search for what [? for help]? shield Saving game... please wait.
Welcome back, Ijustatesigmund the Hill Orc Abyssal Knight.
Lugonu says: Spread carnage and corruption!
Press ? for a list of commands and other information.
Done exploring.
Done exploring.
Done exploring.
Saving game... please wait.
Welcome back, Ijustatesigmund the Hill Orc Abyssal Knight.
Lugonu says: Spread carnage and corruption!
Press ? for a list of commands and other information.
Saving game... please wait.
Welcome back, Ijustatesigmund the Hill Orc Abyssal Knight.
Lugonu says: Spread carnage and corruption!
Press ? for a list of commands and other information.
Are you sure you want to abandon this character and quit the game? (Confirm with "yes".)

### ##[## ###########
##...# #.........#
##))... #.........#
##.()... #.........#
##./.)#.. #......[..#
#....###. #......@..#
##....#.. #.........#
##...... #.........#
##..... #.........#####
###...# #.............#
##.##.##
#######)#####.###...###.
#.# #.##.....#=. #.#
#.....⌠).)). #.#
####...).#).


There were no monsters in sight!

Vanquished Creatures
  Nikola (Spider:2)
  A deep elf master archer (Elf:3)
  2 deep elf blademasters (Elf:3)
  Agnes (Spider:4)
  Kirke (Spider:2)
  2 ghost moths (Spider:4)
  3 emperor scorpions
  2 deep elf sorcerers (Elf:3)
  The ghost of Cheburator the Severer, a journeyman MiFi of Qazlal (Orc:2)
  4 deep elf elementalists (Elf:3)
  6 deep elf demonologists (Elf:3)
  An entropy weaver (Spider:3)
  A minotaur (Lab)
  Azrael (Orc:1)
  5 deep elf annihilators (Elf:3)
  2 ettins (Orc:1)
  2 spark wasps
  5 deep elf death magi
  A fire dragon (D:15)
  A green death (Abyss:3)
  A merfolk impaler (Shoals:1)
  3 deep elf high priests (Elf:3)
  Fannar (Orc:1)
  An ice dragon (D:15)
  4 vault guards (D:14)
  3 hydras
  Harold (D:9)
  3 centaur warriors
  5 ogre magi
  19 two-headed ogres
  A death knight (D:15)
  22 dancing weapons
  5 death yaks (Lair:5)
  2 thrashing horrors (Abyss:3)
  2 orc high priests
  Urug (D:11)
  22 deep elf knights
  A sea snake (Shoals:1)
  A wretched star (Abyss:3)
  A glowing orange brain (Abyss:3)
  2 unseen horrors
  4 harpies (Shoals:1)
  5 deep elf archers
  A necromancer (IceCv)
  19 orb spiders
  3 orc knights
  61 deep elf magi
  17 ugly things
  22 wolf spiders
  4 centaur zombies
  5 orc sorcerers
  3 cyclopes
  3 fauns (Shoals:1)
  2 moths of wrath
  3 oklob plants (Lair:1)
  3 elephants (Lair:4)
  A merfolk siren (Shoals:1)
  9 starcursed masses (Abyss:3)
  An ice statue (IceCv)
  8 black mambas
  A smoke demon (Abyss:3)
  2 gargoyles (D:14)
  An orange demon (Abyss:3)
  28 spiny frogs
  3 torpor snails
  6 komodo dragons
  7 rime drakes
  13 freezing wraiths
  9 demonic crawlers
  A yaktaur (shapeshifter) (D:14)
  6 trolls
  2 polar bears
  6 meliai
  A tengu conjurer (D:15)
  30 jumping spiders
  A wolf spider simulacrum (IceCv)
  3 ancient zymes (Abyss:3)
  11 hornets
  A raiju (Abyss:3)
  5 tyrant leeches (Lair:6)
  21 dream sheep
  11 hippogriffs
  6 slime creatures (D:15)
  A snapping turtle (Lair:3)
  24 blink frogs
  3 shadows
  5 air elementals (Elf:1)
  2 vampires
  27 yaks
  3 wraiths
  53 redbacks
  2 wyverns
  3 water elementals
  Eustachio (D:4)
  6 basilisks
  24 tarantellas
  A human (D:7)
  The ghost of KeeTraxx the Charmwright, an amateur GnSk (D:3)
  4 fire elementals
  9 hogs
  Grum (D:8)
  9 vampire mosquitoes
  A neqoxec (Abyss:3)
  3 hungry ghosts
  5 wargs
  4 large abominations
  13 water moccasins
  4 hell hounds (Orc:1)
  A swamp drake (D:9)
  8 ice beasts
  11 porcupines
  37 orc warriors
  5 sky beasts
  4 black bears
  An eye of draining (D:14)
  30 ogres
  A phantom (D:10)
  3 boggarts (D:14)
  A necrophage (D:12)
  16 wolves
  6 centaurs
  12 crocodiles
  24 bullfrogs
  2 big kobolds
  A gnoll sergeant (D:10)
  7 small abominations (Abyss:3)
  2 wyvern zombies
  3 earth elementals
  A wyvern skeleton (D:9)
  2 scorpions
  4 wights
  11 killer bees
  12 electric eels
  2 howler monkeys
  20 crimson imps
  6 draconian simulacra (IceCv)
  2 bullfrog zombies
  5 hounds
  A quasit (D:12)
  8 jellies
  3 bullfrog skeletons
  16 orc priests
  5 centaur skeletons
  20 orc wizards
  Natasha (thrice) (D:3)
  4 iguanas
  8 worker ants
  2 spriggan simulacra (IceCv)
  5 troll simulacra (IceCv)
  3 wolf simulacra (IceCv)
  A killer bee zombie (D:10)
  3 centaur simulacra (IceCv)
  A hound zombie (D:8)
  2 hound skeletons (D:7)
  2 worker ant zombies
  9 mummies
  An ogre simulacrum (IceCv)
  15 adders
  8 gnolls
  3 naga simulacra (IceCv)
  2 shadow imps
  14 white imps
  An ooze (Lair:5)
  An adder zombie (D:5)
  An adder skeleton (D:7)
  3 worms
  3 dart slugs
  7 leopard geckos
  80 orcs
  8 bats
  3 giant cockroaches
  2 gnoll zombies (Ossuary)
  22 goblins
  14 hobgoblins
  11 jackals
  9 quokkas
  A ball python (D:8)
  5 frilled lizards
  3 hobgoblin zombies (Ossuary)
  21 kobolds
  A leopard gecko skeleton (D:5)
  3 orc zombies (Ossuary)
  5 rats
  3 crawling corpses (Elf:3)
  A fire vortex (D:12)
  9 fungi
  3 plants (Lair:6)
1301 creatures vanquished.

Vanquished Creatures (others)
  A deep elf sorcerer (Elf:3)
  A deep elf elementalist (Elf:3)
  A deep elf annihilator (Elf:3)
  A deep elf demonologist (Elf:3)
  A slime creature (D:15)
  A hydra (D:12)
  A deep elf knight (Elf:1)
  2 deep elf archers
  An ugly thing (D:8)
  2 orb spiders
  2 deep elf magi
  A manticore (D:14)
  2 cyclopes
  A rime drake (Lair:5)
  A jumping spider (Spider:4)
  A yak (Lair:5)
  A redback (Spider:4)
  3 orc warriors
  A boggart (D:14)
  2 ogres
  An orc priest (Orc:2)
  An orc (D:9)
  16 fungi
  48 plants
93 creatures vanquished.

Grand Total: 1394 creatures vanquished

Notes
Turn   | Place    | Note
-------+----------+-------------------------------------------
     0 | Abyss:1  | Ijustatesigmund the Hill Orc Abyssal Knight began the quest
                  | for the Orb.
     0 | Abyss:1  | Reached XP level 1. HP: 19/19 MP: 2/2
    50 | Abyss:1  | Noticed a raiju
    50 | Abyss:1  | Noticed a raiju
    50 | Abyss:1  | Noticed a raiju
    51 | Abyss:1  | Noticed a small abomination
    51 | Abyss:1  | Noticed a sixfirhy
    52 | D:1      | Escaped the Abyss
   301 | D:1      | Reached skill level 3 in Axes
   305 | D:1      | Reached * piety under Lugonu
   355 | D:1      | Reached XP level 2. HP: 18/26 MP: 4/4
   714 | D:1      | Reached XP level 3. HP: 31/31 MP: 5/5
  1022 | D:2      | Reached skill level 4 in Axes
  1146 | D:2      | Reached ** piety under Lugonu
  1450 | D:2      | Reached XP level 4. HP: 39/39 MP: 7/7
  2242 | D:3      | Gained mutation: You expend magic power (3 MP) to
                  | strengthen your wands. [potion of mutation]
  2242 | D:3      | Gained mutation: You are frail. (-10% HP) [potion of
                  | mutation]
  2242 | D:3      | Gained mutation: Your flesh is cold resistant. (rC+)
                  | [potion of mutation]
  2242 | D:3      | Gained mutation: You have a pair of small horns on your
                  | head. [potion of mutation]
  2337 | D:3      | Found a hide-covered altar of Uskayaw.
  2337 | D:3      | Found a bloodstained altar of Trog.
  2493 | D:3      | Reached XP level 5. HP: 31/41 MP: 8/8
  2510 | D:3      | Reached skill level 5 in Axes
  2510 | D:3      | Reached skill level 5 in Invocations
  2784 | D:3      | Reached *** piety under Lugonu
  2846 | D:3      | Noticed Natasha
  2854 | D:3      | Killed Natasha
  2902 | D:3      | Found a runed door.
  2904 | D:3      | Noticed KeeTraxx's ghost (amateur GnSk)
  2946 | D:3      | Killed KeeTraxx's ghost
  2946 | D:3      | Reached XP level 6. HP: 21/49 MP: 8/10
  3213 | D:3      | Reached skill level 5 in Fighting
  3213 | D:3      | Reached skill level 6 in Axes
  3294 | D:3      | Noticed Natasha
  3302 | D:3      | Killed Natasha
  3410 | D:3      | Noticed Natasha
  3414 | D:3      | Killed Natasha
  3609 | D:4      | Reached XP level 7. HP: 45/54 MP: 11/11
  3745 | D:4      | Found a sand-covered staircase.
  3761 | Ossuary  | Entered an ossuary
  4044 | Ossuary  | Reached **** piety under Lugonu
  4381 | D:4      | Found an opulent altar of Gozag.
  4381 | D:4      | Found a snail-covered altar of Cheibriados.
  4401 | D:4      | Noticed Eustachio
  4402 | D:4      | Found a shimmering altar of Xom.
  4428 | D:4      | Killed Eustachio
  4428 | D:4      | Reached skill level 7 in Axes
  4913 | D:4      | Reached XP level 8. HP: 59/63 MP: 13/13
  5234 | D:4      | Lost mutation: You expend magic power (3 MP) to strengthen
                  | your wands. [potion of mutation]
  5234 | D:4      | Lost mutation: You are frail. (-10% HP) [potion of
                  | mutation]
  5234 | D:4      | Lost mutation: You have a pair of small horns on your head.
                  | [potion of mutation]
  5234 | D:4      | Gained mutation: You tend to lose your temper in combat.
                  | [potion of mutation]
  5234 | D:4      | Gained mutation: You are partially covered in molten
                  | scales. (AC +2) [potion of mutation]
  5234 | D:4      | Gained mutation: You are frail. (-10% HP) [potion of
                  | mutation]
  5234 | D:4      | Gained mutation: You have supernaturally acute eyesight.
                  | (SInv) [potion of mutation]
  5445 | D:5      | Entered Level 5 of the Dungeon
  5462 | D:5      | Reached skill level 8 in Axes
  5469 | D:5      | Found Suan's Gadget Emporium.
  5632 | D:5      | Found a sparkling altar of Nemelex Xobeh.
  5713 | D:5      | HP: 2/63 [ogre/giant club (12)]
  6065 | D:5      | Found a transporter.
  6065 | D:5      | Found a transporter.
  6065 | D:5      | Noticed Monsterracer's ghost (amateur DEMo)
  6989 | D:6      | Reached skill level 1 in Dodging
  6999 | D:6      | Found a basalt altar of Yredelemnul.
  7009 | D:6      | Noticed a cyclops
  7011 | D:6      | Banished a cyclops
  7338 | D:6      | Lost mutation: You tend to lose your temper in combat.
                  | [potion of mutation]
  7338 | D:6      | Lost mutation: Your flesh is cold resistant. (rC+) [potion
                  | of mutation]
  7338 | D:6      | Lost mutation: You are frail. (-10% HP) [potion of
                  | mutation]
  7338 | D:6      | Gained mutation: Your mind is acute. (Int +2) [potion of
                  | mutation]
  7338 | D:6      | Gained mutation: You are resistant to hostile enchantments.
                  | (MR+) [potion of mutation]
  7338 | D:6      | Gained mutation: You are surrounded by a mild repulsion
                  | field. (EV +2) [potion of mutation]
  7381 | D:6      | Found a staircase to the Ecumenical Temple.
  7406 | D:6      | Reached XP level 9. HP: 73/79 MP: 15/15
  7436 | Temple   | Entered the Ecumenical Temple
  7687 | D:6      | Reached skill level 9 in Axes
  7696 | D:6      | Found a white marble altar of Elyvilon.
  9349 | D:8      | Upgraded the game from 0.22.0-32-gbc6daba to
                  | 0.22.0-36-g8e74550
  9362 | D:8      | Reached skill level 5 in Armour
  9640 | D:8      | Reached XP level 10. HP: 68/90 MP: 17/17
  9647 | D:8      | Noticed Grum
  9661 | D:8      | Reached skill level 10 in Axes
  9667 | D:8      | Reached skill level 10 in Invocations
  9680 | D:8      | Killed Grum
  9701 | D:8      | Noticed a purple ugly thing
  9742 | D:8      | Banished a purple ugly thing
 10179 | D:8      | Found Pyraff's Serpentskin Sales.
 10222 | D:8      | Bought an uncursed ring of poison resistance for 240 gold
                  | pieces
 10316 | D:8      | Found Itunerch's General Store.
 10921 | D:9      | Noticed Harold
 10953 | D:9      | Killed Harold
 11107 | D:9      | Found a staircase to the Orcish Mines.
 11133 | D:9      | Reached skill level 11 in Axes
 11140 | D:9      | Reached skill level 10 in Fighting
 11147 | D:9      | Reached XP level 11. HP: 51/99 MP: 19/19
 11752 | D:10     | Entered Level 10 of the Dungeon
 12043 | D:10     | Reached ***** piety under Lugonu
 12119 | D:10     | Reached skill level 12 in Axes
 12289 | D:10     | Found a staircase to the Lair.
 12599 | D:11     | Noticed a two-headed ogre
 12657 | D:11     | Killed a two-headed ogre
 12844 | D:11     | Noticed a cyclops
 12870 | D:11     | Banished a cyclops
 12924 | D:11     | Reached XP level 12. HP: 91/110 MP: 21/21
 12983 | D:11     | Noticed Urug
 13006 | D:11     | Killed Urug
 13616 | D:12     | Reached skill level 13 in Axes
 13795 | D:12     | Noticed a six-headed hydra
 13797 | D:12     | Banished a six-headed hydra
 14109 | D:13     | Found Cesom's Antique Weapon Emporium.
 14136 | D:13     | Found Jerew's Antique Armour Boutique.
 14141 | D:13     | Bought a pair of embroidered boots for 172 gold pieces
 14141 | D:13     | Bought a warped cloak for 218 gold pieces
 14151 | D:13     | Identified the +2 cloak of Cloud Cover {rElec MR+ Str+2}
                  | (You bought it in a shop on level 13 of the Dungeon)
 14210 | D:13     | Found Ecvux's Magic Scroll Shoppe.
 14218 | D:13     | Bought a scroll of acquirement for 780 gold pieces
 14232 | D:13     | Found Taso's Food Emporium.
 14268 | D:13     | Noticed a four-headed hydra
 14273 | D:13     | Killed a one-headed hydra
 14663 | D:13     | Noticed a two-headed ogre
 14663 | D:13     | Noticed a two-headed ogre
 14664 | D:13     | Noticed an ogre mage
 14664 | D:13     | Noticed a two-headed ogre
 14664 | D:13     | Noticed a two-headed ogre
 14664 | D:13     | Noticed a two-headed ogre
 14669 | D:13     | Killed a two-headed ogre
 14671 | D:13     | Killed a two-headed ogre
 14676 | D:13     | Killed an ogre mage
 14678 | D:13     | Killed a two-headed ogre
 14678 | D:13     | Reached skill level 15 in Invocations
 14682 | D:13     | Killed a two-headed ogre
 14689 | D:13     | Killed a two-headed ogre
 14689 | D:13     | Reached XP level 13. HP: 61/118 MP: 24/24
 14979 | Lair:1   | Entered Level 1 of the Lair of Beasts
 16120 | Lair:1   | Got a twitching lead ring
 16126 | Lair:1   | Identified the ring "Uduecri" {Int+9 SInv} (You found it on
                  | level 1 of the Lair of Beasts)
 16281 | Lair:2   | Reached skill level 14 in Axes
 17316 | Lair:3   | Found a hole to the Spider Nest.
 17453 | Lair:3   | Found a staircase to the Shoals.
 17931 | Lair:4   | Reached skill level 15 in Axes
 18021 | Lair:4   | Reached ****** piety under Lugonu
 18644 | Lair:5   | Reached skill level 10 in Armour
 18653 | Lair:5   | Found a labyrinth entrance.
 18662 | Lab      | Entered a labyrinth
 18758 | Lab      | Reached XP level 14. HP: 127/127 MP: 26/26
 18926 | Lab      | Got a faintly glowing quarterstaff
 18926 | Lab      | Got a shimmering scale mail
 18928 | Lab      | Identified the +6 quarterstaff "Omievow" {venom, MR+ Str+2}
                  | (You found it in a labyrinth)
 18940 | Lab      | Identified the +4 scale mail of Disguise {Dex+6} (You found
                  | it in a labyrinth)
 19170 | Lair:5   | Found a staircase to the Slime Pits.
 19200 | Lair:5   | Reached skill level 5 in Dodging
 19859 | Lair:6   | Entered Level 6 of the Lair of Beasts
 19979 | Lair:6   | Reached skill level 16 in Axes
 20306 | Orc:1    | Entered Level 1 of the Orcish Mines
 20318 | Orc:1    | Found Ubysony's Armour Shop.
 20363 | Orc:1    | Found a flagged portal.
 20373 | Bailey   | Entered a bailey
 20422 | Bailey   | Found an iron altar of Okawaru.
 21036 | Orc:1    | Noticed Fannar
 21061 | Orc:1    | Killed Fannar
 21451 | Orc:2    | Entered Level 2 of the Orcish Mines
 21502 | Orc:2    | Noticed Saint Roka
 21572 | Orc:2    | Noticed Azrael
 21970 | Orc:1    | Killed Azrael
 22070 | Orc:1    | Reached XP level 15. HP: 52/137 MP: 27/27
 22894 | Orc:2    | Found a runed door.
 22894 | Orc:2    | Noticed Cheburator's ghost (journeyman MiFi)
 23013 | Orc:2    | Reached skill level 17 in Axes
 23133 | Orc:2    | Banished Saint Roka
 23215 | Orc:2    | Found a staircase to the Elven Halls.
 23344 | Orc:2    | Found Nauvis's Assorted Antiques.
 23344 | Orc:2    | Found Wigentugh's Book Shoppe.
 23344 | Orc:2    | Found Kohuonn's Armour Shoppe.
 23344 | Orc:2    | Found Lijyhon's Antique Weapon Shop.
 23592 | Orc:2    | Killed Cheburator's ghost
 23640 | Orc:2    | Bought a runed broad axe for 259 gold pieces
 24152 | Lair:6   | Noticed Nessos
 24159 | Lair:6   | Banished Nessos
 24352 | Lair:6   | Noticed Sonja
 24738 | Lair:6   | Banished Sonja
 24830 | Lair:6   | Reached skill level 15 in Fighting
 25039 | Lair:6   | Reached XP level 16. HP: 149/149 MP: 28/28
 25353 | D:14     | Reached skill level 18 in Axes
 25372 | D:14     | Found a gate to the Vaults.
 25403 | D:14     | Found Gixol's Weapon Shoppe.
 25428 | D:14     | Found a frozen archway.
 25443 | IceCv    | Entered an ice cave
 25814 | IceCv    | Found an ancient bone altar of Kikubaaqudgha.
 26203 | D:14     | Found a transporter.
 26210 | D:14     | Noticed Lutooj's ghost (journeyman MiFi)
 26214 | D:14     | Found a transporter.
 27103 | D:15     | Entered Level 15 of the Dungeon
 27137 | D:15     | Reached skill level 1 in Shields
 27264 | D:15     | Found Zajiew's General Store.
 27360 | D:15     | Found an opulent altar of Gozag.
 27360 | D:15     | Found Gozag's Platinum Reserve.
 27493 | D:15     | Got a faintly humming ring mail
 27512 | D:15     | Identified the +1 ring mail of the Sun {rCorr Int+5} (You
                  | found it on level 15 of the Dungeon)
 27554 | D:15     | Reached skill level 5 in Shields
 27667 | D:15     | Got a dazzling crystal plate armour
 27673 | D:15     | Identified the +0 crystal plate armour of Tenacity {MR+
                  | Regen+ Str+2} (You acquired it on level 15 of the Dungeon)
 27871 | D:15     | Found a staircase to the Depths.
 28218 | Shoals:1 | Entered Level 1 of the Shoals
 28375 | Spider:1 | Entered Level 1 of the Spider Nest
 28494 | Spider:1 | Reached XP level 17. HP: 150/157 MP: 29/29
 29130 | Spider:2 | Cast into level 3 of the Abyss (a Zot trap)
 29130 | Abyss:3  | Found a corrupted altar of Lugonu.
 29275 | Abyss:3  | Paralysed by accursed screaming for 1 turns
 29494 | Spider:2 | Escaped the Abyss
 30111 | Spider:2 | Noticed Nikola
 30130 | Spider:2 | Killed Nikola
 30130 | Spider:2 | Reached skill level 19 in Axes
 30835 | Spider:3 | Noticed Kirke
 30865 | Spider:2 | Noticed a sphinx
 30865 | Spider:2 | Killed Kirke
 31328 | Spider:4 | Entered Level 4 of the Spider Nest
 31338 | Spider:3 | Paralysed by a hornet for 1 turns
 32062 | Spider:4 | Reached skill level 15 in Armour
 32089 | Spider:4 | Reached XP level 18. HP: 169/169 MP: 30/30
 32290 | Spider:4 | Corrupted Spider:4
 32295 | Spider:4 | Noticed a hellephant
 32433 | Spider:4 | Noticed Agnes
 32449 | Spider:4 | Killed Agnes
 32449 | Spider:4 | Reached skill level 20 in Axes
 32638 | Spider:4 | Got a gossamer rune of Zot
 33080 | Elf:1    | Entered Level 1 of the Elven Halls
 33608 | Elf:1    | Found an ancient bone altar of Kikubaaqudgha.
 34270 | Elf:2    | Found a radiant altar of Vehumet.
 34378 | Elf:2    | Found Eseittik's General Store.
 34460 | Elf:2    | Found a huge runed gate.
 34460 | Elf:2    | Found a huge runed gate.
 34460 | Elf:2    | Found a huge runed gate.
 34460 | Elf:2    | Found a huge runed gate.
 34460 | Elf:2    | Found a huge runed gate.
 34526 | Elf:2    | Reached XP level 19. HP: 179/180 MP: 31/31
 34531 | Elf:2    | Reached skill level 21 in Axes
 35107 | Elf:3    | Entered Level 3 of the Elven Halls
 35178 | Elf:3    | Found the +8 demon blade "Bloodbane" {slice, *Rage +Rage
                  | Stlth-}
 35181 | Elf:3    | Noticed a Tzitzimitl
 35186 | Elf:3    | Identified the Disquisition on Helpful Envenoming
 35748 | Elf:3    | Noticed a Hell Sentinel
 35765 | Elf:3    | Noticed an Ice Fiend
 36015 | Elf:3    | Noticed a Hell Sentinel
 36202 | Elf:3    | Reached skill level 22 in Axes
 36385 | Elf:3    | Identified the Disquisition on Supportive Black Secrets
 36473 | Elf:3    | Upgraded the game from 0.22.0-36-g8e74550 to
                  | 0.22.0-38-g04b72b8
 36473 | Elf:3    | Upgraded the game from 0.22.0-38-g04b72b8 to
                  | 0.22.1-57-g7394efd
 36473 | Elf:3    | Quit the game

Skill      XL: |  1  2  3  4  5  6  7  8  9 10 11 12 13 14 15 16 17 18 19 |
---------------+----------------------------------------------------------+-----
Axes           | 3 4 5 6 7 8 9 11 12 13 15 16 17 18 19 20 22 | 22.0
Invocations    | 3 4 5 6 7 8 9 11 12 15 17 | 17.4
Fighting       | 4 5 6 7 8 10 11 12 13 15 17 18 19 | 19.5
Dodging        | 2 3 4 6 8 9 |  9.0
Armour         | 3 5 7 8 9 10 11 12 13 15 16 17 | 17.4
Shields        | 8 |  8.5

Action                   |  1- 3 |  4- 6 |  7- 9 | 10-12 | 13-15 | 16-18 | 19-21 || total
-------------------------+-------+-------+-------+-------+-------+-------+-------++-------
Melee: Hand axe          |   132 |   255 |       |       |       |       |       ||   387
       Headbutt          |       |    17 |    11 |       |       |       |       ||    28
       Battleaxe         |       |    20 |   287 |   729 |       |       |       ||  1036
       Executioner's axe |       |       |       |    39 |   475 |       |       ||   514
       Broad axe         |       |       |       |       |   561 |  1640 |   355 ||  2556
Throw: Javelin           |       |       |     5 |     6 |     2 |       |       ||    13
Invok: Depart the Abyss  |     1 |       |       |       |       |     1 |       ||     2
       Banish            |       |       |     5 |     5 |     5 |     2 |     2 ||    19
       Bend Space        |       |       |       |       |     3 |    12 |     2 ||    17
       Corrupt           |       |       |       |       |       |     1 |       ||     1
Evoke: Wand              |       |       |       |     8 |    15 |    17 |     9 ||    49
  Use: Scroll            |     1 |     9 |    10 |     4 |    17 |    13 |    11 ||    65
       Potion            |       |     2 |     6 |     5 |     7 |     5 |     5 ||    30
 Stab: Invisible         |       |       |       |     8 |       |       |     5 ||    13
       Distracted        |       |       |       |       |       |     1 |     1 ||     2
  Eat: Chunk             |     2 |     7 |     4 |    11 |    20 |    14 |     2 ||    60
       Ration            |       |       |     5 |     3 |     5 |     6 |     2 ||    21
Armor: Leather armour    |    10 |       |       |       |       |       |       ||    10
       Scale mail        |    42 |   137 |    63 |       |       |       |       ||   242
       Chain mail        |       |       |    98 |   581 |   715 |   282 |       ||  1676
       Crystal plate arm |       |       |       |       |       |   912 |   143 ||  1055
Dodge: Dodged            |    66 |   111 |   166 |   532 |   774 |   733 |    69 ||  2451
Block: Buckler           |       |       |       |       |       |   667 |   123 ||   790
       Reflection        |       |       |       |       |       |    26 |    15 ||    41
